Map: 2000 Atmospheres LE

Players

Vanya - Winner!

  • Race: Zerg Zerg

Denver

  • Race: Zerg Zerg

Event: DreamHack SC2 Masters 2021 Fall

VOD

Have the link to the VOD?

Description

Time

  • Played on: Aug. 7, 2021, 11:20 a.m.
  • Length: 7:02

All games in this series

Show
View Real Time Build Order
Export as new Build Order

Vanya Zerg - Winner!

Build Orders: Hatch First 

Get SALT Encoding   

  12  0:00  Drone  
  13  0:12  Overlord  
  13  0:16  Drone  
  14  0:30  Drone x2  
  16  0:47  Hatchery  
  15  0:50  Drone  
  15  0:54  Drone  
  17  0:57  Drone  
  18  1:07  Extractor  
  17  1:12  Spawning Pool  
  17  1:15  Drone  
  17  1:18  Drone  
  18  1:27  Drone  
  19  1:38  Drone  
  20  1:49  Drone  
  21  1:58  Queen  
  21  1:59  Queen, Zergling x2  
  21  2:00  Overlord  
  26  2:07  Metabolic Boost  
  26  2:10  Drone x2  
  28  2:21  Drone x2  
  30  2:31  Zergling x2  
  30  2:34  Hatchery  
  30  2:38  Drone  
  30  2:43  Drone  
  32  2:47  Baneling Nest  
  32  2:50  Drone  
  32  2:55  Overlord  
  32  3:01  Drone  
  33  3:08  Zergling x6  
  36  3:14  Drone x3  
  36  3:15  Zergling x2  
  36  3:17  Overlord  
  40  3:21  Queen  
  42  3:27  Drone  
  42  3:29  Evolution Chamber  
  42  3:31  Baneling  
  42  3:32  Drone x2  
  44  3:38  Drone  
  45  3:41  Drone x3  
  45  3:45  Drone x2  
  49  3:49  Overlord  
  49  3:50  Drone  
  49  3:52  Drone  
  51  3:57  Zerg Missile Weapons Level 1  
  51  4:01  Drone x3  
  54  4:07  Roach Warren  
  53  4:10  Extractor  
  53  4:11  Drone x2  
  53  4:12  Extractor  
  53  4:17  Lair, Drone  
  53  4:19  Drone  
  53  4:23  Drone  
  53  4:24  Drone x2  
  58  4:28  Overlord  
  58  4:32  Drone x4  
  58  4:36  Overlord  
  61  4:43  Overlord  
  61  4:44  Drone  
  61  4:45  Drone x3  
  65  4:47  Extractor, Drone  
  65  4:48  Drone  
  65  4:49  Extractor, Baneling  
  65  4:50  Baneling  
  65  4:55  Zergling x8  
  69  5:04  Overlord  
  69  5:09  Overlord  
  69  5:11  Roach x4  
  77  5:15  Glial Reconstitution  
  77  5:19  Roach x4  
  85  5:24  Roach  
  85  5:25  Roach x2  
  91  5:30  Overlord  
  91  5:34  Roach x3  
  95  5:38  Overlord  
  95  5:41  Roach  
  96  5:46  Roach x4  
  101  5:52  Roach x2  
  103  5:58  Ravager x4  
  103  6:00  Overlord  
  103  6:03  Roach x3  
  113  6:06  Overlord  
  113  6:09  Roach x2  
  117  6:14  Overlord  
  117  6:15  Roach x2  
  117  6:17  Ravager  
  122  6:20  Roach x2  
  130  6:25  Roach x2  
  130  6:30  Roach x4  
  138  6:35  Roach x2  
  138  6:36  Overlord  
  142  6:40  Roach x2  
Show
View Real Time Build Order
Export as new Build Order

Denver Zerg 

Build Orders: Hatch First 

Get SALT Encoding   

  12  0:00  Drone  
  13  0:12  Overlord  
  13  0:17  Drone  
  14  0:31  Drone x2  
  16  0:48  Hatchery  
  15  0:52  Drone  
  15  0:56  Drone  
  17  0:59  Drone  
  18  1:10  Extractor  
  17  1:14  Spawning Pool  
  17  1:17  Drone  
  17  1:20  Drone  
  18  1:29  Drone  
  19  1:38  Drone  
  20  1:49  Drone  
  21  2:00  Overlord  
  21  2:01  Queen x2  
  21  2:03  Zergling x2  
  26  2:11  Metabolic Boost  
  26  2:12  Drone x2  
  28  2:22  Drone x2  
  30  2:35  Hatchery  
  30  2:37  Drone  
  30  2:40  Drone  
  31  2:45  Baneling Nest  
  31  2:47  Drone  
  31  2:52  Overlord  
  31  2:57  Overlord  
  31  3:00  Zergling x2  
  31  3:05  Queen  
  34  3:08  Drone  
  34  3:11  Zergling x2  
  34  3:12  Zergling x2  
  37  3:16  Drone x2  
  37  3:18  Drone  
  40  3:23  Drone x2  
  40  3:25  Drone  
  43  3:29  Evolution Chamber  
  43  3:33  Drone  
  43  3:37  Drone x2  
  44  3:41  Overlord  
  44  3:44  Drone x3  
  47  3:49  Baneling x2  
  47  3:52  Drone x3  
  47  3:53  Drone  
  51  3:57  Zerg Missile Weapons Level 1  
  51  4:02  Drone x3  
  54  4:03  Drone  
  54  4:11  Roach Warren  
  54  4:14  Drone x4  
  57  4:19  Extractor  
  57  4:20  Extractor  
  57  4:22  Zergling x8  
  59  4:26  Lair  
  59  4:30  Drone x3  
  62  4:37  Overlord  
  62  4:39  Drone x2  
  63  4:45  Overlord  
  63  4:47  Extractor, Drone  
  63  4:48  Drone x2  
  63  4:49  Extractor  
  63  4:51  Drone  
  65  4:55  Overlord  
  65  4:59  Drone x7  
  72  5:03  Extractor  
  72  5:04  Overlord  
  71  5:09  Drone x2  
  73  5:17  Drone x4  
  73  5:21  Drone x5  
  78  5:23  Roach x3  
  78  5:25  Overseer  
  78  5:26  Baneling x2  
  88  5:28  Spine Crawler  
  88  5:33  Roach x3  
  91  5:35  Glial Reconstitution  
  91  5:42  Roach x2  
  91  5:47  Roach  
  88  5:51  Drone x6  
  88  5:54  Overlord  
  88  5:55  Evolution Chamber  
  92  5:57  Roach x2  
  92  5:58  Roach  
  99  6:06  Overlord  
  99  6:07  Evolution Chamber  
  99  6:08  Overlord x2  
  98  6:11  Pneumatized Carapace  
  98  6:21  Overlord  
  98  6:22  Spine Crawler  
  98  6:25  Roach x4  
  105  6:26  Overlord  
  105  6:27  Ravager x5  
  105  6:31  Spine Crawler  
  109  6:34  Roach x4  
  109  6:35  Roach  
  119  6:41  Roach  
  119  6:43  Overlord  

Tags
 
Add a new tag
Caveats
  • Supply blocks, unpowered buildings, or Contaminate may cause inaccurate times.
  • Supply counts are checked every 10 seconds.